 Dungeon Crawl Stone Soup version 0.27-a0-965-gbf8bb431c4 (webtiles) character file.

Game seed: 13938037458494445553

62 Lanoc the Slasher (level 4, -2/35 HPs)
             Began as a Human Monk on Apr 12, 2021.
             Killed from afar by a white imp (6 damage)
             ... with a puff of frost
             ... summoned by Natasha
             ... on level 2 of the Dungeon.
             The game lasted 00:01:22 (1666 turns).

Lanoc the Slasher (Human Monk)                      Turns: 1666, Time: 00:01:22

Health: -2/35      AC:  4    Str: 12    XL:     4   Next: 28%
Magic:  4/4        EV: 13    Int: 10    God:
Gold:   24         SH:  0    Dex: 16    Spells: 3/3 levels left

rFire    + . .     SeeInvis .   a - +0 falchion
rCold    . . .     Faith    .   (no shield)
rNeg     . . .     Spirit   .   j - +2 robe {rF+}
rPois    .         Reflect  .   (no helmet)
rElec    .         Harm     .   (no cloak)
rCorr    .         Rampage  .   (no gloves)
Will     .....                  (no boots)
Stlth    ++........             (no amulet)
HPRegen  0.11/turn              (no ring)
MPRegen  0.09/turn              (no ring)

@: no status effects
A: no striking features
a: no special abilities


You were on level 2 of the Dungeon.
You visited 1 branch of the dungeon, and saw 2 of its levels.

You collected 24 gold pieces.

Inventory:

Hand Weapons
 a - a +0 falchion (weapon)
Missiles
 e - an atropa-tipped dart (quivered)
Armour
 j - a +2 robe of fire resistance (worn)
Scrolls
 c - 3 scrolls of identify {unknown}
 d - 2 scrolls of teleportation {unknown}
 f - a scroll of fear {unknown}
 g - a scroll of enchant weapon {unknown}
Potions
 b - 2 potions of heal wounds {unknown}
 h - a potion of cancellation {unknown}
 i - a potion of flight {unknown}


   Skills:
 + Level 3.5 Fighting
 * Level 4.0 Long Blades
 + Level 3.5 Dodging
 - Level 2.0 Stealth


You had 3 spell levels left.
You didn't know any spells.
Your spell library was empty.

Dungeon Overview and Level Annotations

Branches:
Dungeon (2/15)

Altars:

Annotations:
D:2 Natasha


Message History

You barely miss Natasha.
Natasha is moderately wounded.
Natasha barely misses you. The white imp hits you. The white imp freezes you.
Throw: 3 darts (atropa)
Press: ? - help, Q - select action Shift-Dir - straight line, f - Natasha
Aim: Natasha (moderately wounded, 53% to hit, chance to blind on hit: 80%)
You throw an atropa-tipped dart. The atropa-tipped dart hits Natasha.
Natasha resists.
Natasha is moderately wounded.
Natasha claws you. The white imp gestures at you. The puff of frost misses you.
Throw: 2 darts (atropa)
Press: ? - help, Q - select action Shift-Dir - straight line, f/p - Natasha
Aim: Natasha (moderately wounded, 53% to hit, chance to blind on hit: 80%)
You throw an atropa-tipped dart. The atropa-tipped dart hits Natasha.
Natasha appears confused.
Natasha is moderately wounded.
Natasha barely misses you. The white imp hits you. The white imp freezes you.
* * * LOW HITPOINT WARNING * * *
You hit Natasha.
Natasha is heavily wounded.
Natasha seems less confused.
Natasha closely misses you.
You riposte.
You hit Natasha.
Natasha is severely wounded.
The white imp gestures at you. The puff of frost misses you.
You barely miss Natasha.
Natasha is severely wounded.
Natasha casts a spell at you. The magic dart hits you!
* * * LOW HITPOINT WARNING * * *
The white imp closely misses you.
You riposte.
You hit the white imp.
The white imp is lightly wounded.
You closely miss Natasha.
Natasha is severely wounded.
Natasha closely misses you. The white imp gestures at you.
The puff of frost hits you.
You die...

#.##.# ..#
.# #.##.#
..# ...
#..#.# .#
...####.#.#
.#
..........#
........#.##
.......)...#
.#.#.#..####
# #.#.@# #
#5h# .....
#.##..# #.
#..# # #..#
#..# #..#


You could see Natasha (blind) and a white imp (summoned).

Vanquished Creatures
  Jessica (D:2)
  An adder (D:2)
  2 dart slugs
  3 endoplasms
  4 goblins
  A quokka (D:2)
  7 ball pythons
  A bat (D:1)
  A frilled lizard (D:1)
  2 kobolds (D:2)
  3 rats
26 creatures vanquished.

Notes
Turn   | Place    | Note
-------+----------+-------------------------------------------
     0 | D:1      | Lanoc the Human Monk began the quest for the Orb.
     0 | D:1      | Reached XP level 1. HP: 18/18 MP: 1/1
   331 | D:1      | Reached XP level 2. HP: 14/24 MP: 2/2
   982 | D:2      | Reached XP level 3. HP: 29/29 MP: 3/3
  1284 | D:2      | Noticed Jessica
  1297 | D:2      | Killed Jessica
  1298 | D:2      | Reached skill level 4 in Long Blades
  1298 | D:2      | Reached XP level 4. HP: 11/35 MP: 4/4
  1653 | D:2      | Noticed Natasha
  1666 | D:2      | Killed from afar by a white imp

Illustrated notes

Levels and vault maps discovered:
D:1:      ebering_trefoil_3fold, layout_loops_ring
D:2:      layout_basic, hellmonk_ecumenical_altar_pennies_from_heaven,
          hex_large, serial_park_tiny_2, chequers_serial_rivers_small_3,
          grunt_decor_cap, uniq_natasha, uniq_jessica, uniq_robin

Skill      XL: |  1  2  3 |
---------------+----------+-----
Long Blades    | 4 |  4.0
Fighting       | |  3.5
Dodging        | |  3.5
Stealth        | |  2.0

Action                   |  1- 3 |  4- 6 || total
-------------------------+-------+-------++-------
Melee: Falchion          |    52 |    17 ||    69
Throw: Dart              |       |     2 ||     2
 Stab: Sleeping          |     4 |     1 ||     5
Armor: Robe              |     8 |     2 ||    10
Dodge: Dodged            |    26 |    16 ||    42
       Rpst.: Falchion   |     5 |     2 ||     7

Table legend: (Time is in decaauts)
 A = Elapsed time spent in this place.
 B = Non-inter-level travel time spent in this place.
 C = Inter-level travel time spent in this place.
 D = Time resting spent in this place.
 E = Time spent auto-exploring this place.
 F = Levels seen in this place.
 G = Mean time per level.
                   A        B        C        D        E       F      G
               +--------+--------+--------+--------+--------+-----+--------+
         Total |   1679 |   1657 |     22 |      0 |   1461 |   2 |  839.5 |
       Dungeon |   1679 |   1657 |     22 |      0 |   1461 |   2 |  839.5 |
               +--------+--------+--------+--------+--------+-----+--------+

Top non-repeatable levels by time:
     D:1: 853 daAuts
     D:2: 826 daAuts
